 Dungeon Crawl Stone Soup version 0.19.3-4-gbf9329e (webtiles) character file.

3749 Groucho the Unseen (level 9, 0/37 HPs)
             Began as a Felid Berserker on Jan 29, 2017.
             Was a Priest of Trog.
             Slain by a yak (7 damage)
             ... on level 1 of the Lair of Beasts.
             The game lasted 00:20:50 (13932 turns).

Groucho the Unseen (Felid Berserker)               Turns: 13932, Time: 00:20:50

Health: 0/37       AC:  2    Str: 13    XL:     9   Next: 93%
Magic:  14/14      EV: 19    Int:  9    God:    Trog [***...]
Gold:   476        SH:  0    Dex: 18    Spells: 0 memorised, 8 levels left
                                        Lives:  0   Deaths: 2

rFire  . . .     SeeInvis +       - Unarmed
rCold  . . .     Gourm    .     (armour unavailable)
rNeg   . . .     Faith    .     (shield unavailable)
rPois  .         Spirit   .     (helmet unavailable)
rElec  .         Reflect  .     (cloak unavailable)
rCorr  .         Harm     .     (gloves unavailable)
MR     ++...                    (boots unavailable)
Stlth  +++++++...               m - amulet of regeneration
                                (no ring)
                                f - ring of protection from magic

@: quick
A: no armour, no weapons or thrown items, stealth, claws 1, fangs 3, see
invisible, carnivore 3, speed 1, shaggy fur 2, slow metabolism 1, sharp paws
a: Berserk, Trog's Hand, Burn Spellbooks, Renounce Religion


You were on level 1 of the Lair of Beasts.
You worshipped Trog.
Trog was most pleased with you.
You were very full.

You visited 3 branches of the dungeon, and saw 10 of its levels.

You collected 476 gold pieces.

Inventory:

Jewellery
 f - a ring of protection from magic (left paw)
 m - an amulet of regeneration (around neck)
Wands
 a - a wand of paralysis (13/24)
 i - a wand of acid (11/15)
 r - a wand of lightning (6/15)
Scrolls
 c - 3 scrolls of remove curse
 e - 11 scrolls of identify
 h - a scroll of enchant weapon
 l - 2 scrolls of noise
 x - a scroll of holy word {unknown}
Potions
 b - a potion of cure mutation {unknown}
 d - 2 potions of curing
 k - 3 potions of agility {unknown}
 n - a potion of heal wounds {unknown}
 p - 2 potions of lignification {unknown}
 q - 2 potions of might {unknown}
 s - a potion of cancellation {unknown}
 u - 2 potions of ambrosia {unknown}
 v - a potion of mutation {unknown}
 w - a potion of haste {unknown}
Comestibles
 g - a slice of pizza
 o - 3 beef jerkies
 t - a royal jelly
 z - a meat ration


   Skills:
 - Level 3.0 Fighting
 - Level 4.0 Dodging
 - Level 16.3 Stealth
 - Level 9.4 Unarmed Combat
 + Level 5.5 Evocations


You had 8 spell levels left.
You didn't know any spells.

Dungeon Overview and Level Annotations

Branches:
Dungeon (8/15)             Temple (1/1) D:7            Lair (1/6) D:8

Altars:
Cheibriados
Dithmenos
Elyvilon
Fedhas
Gozag
Hepliaklqana
Kikubaaqudgha
Makhleb
Nemelex Xobeh
Okawaru
Qazlal
Ru
Sif Muna
Trog
Uskayaw
Vehumet
Xom
Yredelemnul
Zin
The Shining One


Innate Abilities, Weirdness & Mutations

You cannot wear armour.
You are incapable of wielding weapons or throwing items.
Your paws allow you to move quietly. (Stealth)
You have sharp claws.
You have razor-sharp teeth.
You have supernaturally acute eyesight. (SInv)
You are carnivorous and can eat meat at any time.
You cover ground quickly.
You are covered in thick fur. (AC +2)
You have a slow metabolism.
Your sharp claws are effective at attacking unaware monsters.


Message History

You kill the black bear!
Trog accepts your kill.
Unknown command.
You start resting.
HP restored.
You start waiting.
Done waiting. 2 yaks come into view.
A yak comes into view.
A yak comes into view.
The yak bellows!
A water moccasin comes into view.
The yak bellows!
The water moccasin hisses angrily.
The water moccasin closely misses you. The water moccasin bites you!
The water moccasin bites you. The yak gores you!
* * * LOW HITPOINT WARNING * * *
The yak gores you!
You die...

. ##.# ... ##.# #..##
#####...# .#####......#
............####
##.@S......# ######
####..YY......##P#P##P#
#.P.......###..........
###........###...........
###........####............
........Y.### #............
........Y### #............
.......#.P.## #............
##..........# #............


You could see 4 yaks and a water moccasin.

Vanquished Creatures
  A hydra (Lair:1)
  Erica (D:8)
  Pikel (D:6)
  Psyche (D:8)
  The ghost of CALLOUS the Ruffian, an amateur CeTm (D:6)
  A troll (D:7)
  A hippogriff (D:7)
  A steam dragon (D:8)
  A hungry ghost (D:7)
  The ghost of tschems the Chopper, an amateur HuFi (D:3)
  Duvessa (D:5)
  An ice beast (D:5)
  2 orc warriors (D:7)
  A black bear (Lair:1)
  A slave (D:6)
  2 ogres (D:5)
  A crocodile (D:8)
  3 bullfrogs
  2 big kobolds (D:7)
  Dowan (D:5)
  5 scorpions
  12 wights
  4 crimson imps
  2 bullfrog zombies (D:7)
  4 orc priests
  4 hounds
  A bullfrog skeleton (D:7)
  2 centaur skeletons (D:6)
  3 iguanas
  4 orc wizards
  4 worker ants
  A killer bee zombie (D:8)
  A statue (D:5)
  A hound skeleton (D:4)
  A worker ant zombie (D:7)
  11 adders
  A gnoll (D:3)
  2 shadow imps
  An ooze (D:3)
  An adder zombie (D:7)
  2 adder skeletons
  2 worms
  5 dart slugs
  9 leopard geckos
  20 orcs
  4 ball pythons
  13 giant cockroaches
  5 goblins
  3 hobgoblins
  11 jackals
  17 kobolds
  9 quokkas
  7 bats
  5 frilled lizards
  A giant cockroach zombie (D:4)
  A jackal skeleton (D:4)
  A quokka skeleton (D:4)
  2 rats (D:1)
  A butterfly (D:7)
208 creatures vanquished.

Vanquished Creatures (others)
  A sky beast (D:6)
  2 slaves (D:6)
  A crimson imp (D:6)
  A worker ant (D:6)
  A quokka skeleton (D:6)
6 creatures vanquished.

Grand Total: 214 creatures vanquished

Notes
Turn   | Place    | Note
-------+----------+-------------------------------------------
     0 | D:1      | Groucho the Felid Berserker began the quest for the Orb.
     0 | D:1      | Reached XP level 1. HP: 10/10 MP: 2/2
    75 | D:1      | Reached skill level 1 in Stealth
   116 | D:1      | Reached skill level 2 in Stealth
   612 | D:1      | Reached XP level 2. HP: 14/14 MP: 3/3
   699 | D:1      | Reached skill level 3 in Stealth
   964 | D:1      | Reached ** piety under Trog
  1018 | D:1      | Reached skill level 4 in Stealth
  1018 | D:1      | Reached XP level 3. HP: 17/17 MP: 4/4
  2098 | D:3      | Noticed tschems's ghost (amateur HuFi)
  2110 | D:3      | Killed tschems's ghost
  2110 | D:3      | Reached skill level 7 in Stealth
  2110 | D:3      | Reached XP level 4. HP: 21/21 MP: 5/5
  2110 | D:3      | Reached XP level 5. HP: 24/24 MP: 6/6
  2529 | D:3      | Reached skill level 8 in Stealth
  3030 | D:4      | Found a snail-covered altar of Cheibriados.
  3486 | D:4      | Gained mutation: You are covered in thick fur. (AC +2) [Felid growth]
  3486 | D:4      | Reached XP level 6. HP: 10/28 MP: 7/7
  4488 | D:4      | Reached skill level 9 in Stealth
  5981 | D:5      | Entered Level 5 of the Dungeon
  6551 | D:5      | Reached skill level 10 in Stealth
  6552 | D:5      | Found a radiant altar of Vehumet.
  6656 | D:5      | Reached XP level 7. HP: 31/31 MP: 8/8
  6909 | D:5      | Reached skill level 11 in Stealth
  7046 | D:5      | Reached skill level 12 in Stealth
  7401 | D:5      | Reached *** piety under Trog
  7470 | D:5      | Noticed Dowan
  7490 | D:5      | Noticed Duvessa
  7501 | D:5      | Killed Duvessa
  7505 | D:5      | Killed Dowan
  7505 | D:5      | Reached XP level 8. HP: 34/34 MP: 9/9
  7739 | D:6      | Noticed CALLOUS's ghost (amateur CeTm)
  8313 | D:6      | Reached skill level 13 in Stealth
  8630 | D:6      | Killed CALLOUS's ghost
  8630 | D:6      | Reached skill level 14 in Stealth
  8847 | D:6      | Found a hazy altar of Hepliaklqana.
  8898 | D:6      | Noticed Pikel
  8994 | D:6      | Killed Pikel
  8994 | D:6      | Reached skill level 15 in Stealth
  8994 | D:6      | Reached XP level 9. HP: 37/37 MP: 10/10
  9566 | D:6      | Reached skill level 16 in Stealth
 10789 | D:7      | Reached skill level 5 in Unarmed Combat
 11265 | D:7      | Noticed a troll
 11288 | D:7      | Slain by a bullfrog
 11289 | D:7      | Reached XP level 8. HP: 0/34 MP: 9/9
 11528 | D:7      | Killed a troll
 11538 | D:7      | HP: 1/34 [hippogriff (6)]
 11539 | D:7      | Slain by a wight
 11540 | D:7      | Reached XP level 7. HP: -1/31 MP: 8/8
 11551 | D:7      | Killed a hippogriff
 11551 | D:7      | Reached XP level 8. HP: 34/34 MP: 9/9
 11795 | D:7      | Found a shimmering altar of Xom.
 11805 | D:7      | Found a burning altar of Makhleb.
 12183 | D:7      | Found a staircase to the Ecumenical Temple.
 12193 | Temple   | Entered the Ecumenical Temple
 12587 | D:8      | Found a glowing silver altar of Zin.
 12615 | D:8      | Noticed Erica
 12638 | D:8      | Killed Erica
 12638 | D:8      | Reached XP level 9. HP: 11/37 MP: 10/10
 12781 | D:8      | Noticed Psyche
 12786 | D:8      | Killed Psyche
 13152 | D:8      | Reached skill level 1 in Evocations
 13181 | D:8      | Found a staircase to the Lair.
 13496 | Lair:1   | Entered Level 1 of the Lair of Beasts
 13562 | Lair:1   | Noticed a six-headed hydra
 13569 | Lair:1   | Killed a six-headed hydra
 13569 | Lair:1   | Reached skill level 5 in Evocations
 13932 | Lair:1   | Slain by a yak

Skill      XL: |  1  2  3  4  5  6  7  8  9 |
---------------+----------------------------+-----
Stealth        | 2 4 7 8 10 12 15 16 | 16.3
Unarmed Combat | 7 9 6 |  9.4
Evocations     | 5 |  5.5
Fighting       | |  3.0
Dodging        | |  4.0

Action                   |  1- 3 |  4- 6 |  7- 9 || total
-------------------------+-------+-------+-------++-------
Melee: Unarmed           |   113 |   145 |   483 ||   741
       Bite              |     8 |    23 |    53 ||    84
       Punch             |       |     2 |    12 ||    14
Invok: Berserk           |     2 |     2 |    15 ||    19
       Trog's Hand       |     1 |     2 |    18 ||    21
       Burn Spellbooks   |       |       |     1 ||     1
  Use: Scroll            |       |     5 |     7 ||    12
       Potion            |       |       |     2 ||     2
 Stab: Sleeping          |     4 |    17 |    25 ||    46
       Distracted        |     1 |     4 |     5 ||    10
  Eat: Chunk             |    10 |     6 |    29 ||    45
       Meat ration       |       |       |     2 ||     2
       Beef jerky        |       |       |     1 ||     1
Armor: Skin              |     8 |     5 |    22 ||    35
Dodge: Dodged            |   120 |    88 |   374 ||   582
